 Dungeon Crawl Stone Soup version 0.18-a0-1784-ga939a68 (webtiles) character file.

128 Zhenya25pyc the Skirmisher (level 5, -6/34 HPs)
             Began as a Gargoyle Fighter on Apr 18, 2016.
             Killed by divine providence
             ... invoked by an orc priest
              (16 damage)
             ... on level 3 of the Dungeon.
             The game lasted 00:22:12 (1358 turns).

Zhenya25pyc the Skirmisher (Gargoyle Fighter)       Turns: 1358, Time: 00:22:13

Health: -6/34      AC: 14    Str: 21    XL:     5   Next: 12%
Magic:  5/5        EV:  5    Int:  8    God:
Gold:   98         SH:  9    Dex:  9    Spells: 0 memorised, 4 levels left

rFire  . . .     SeeInvis .     t - +0 morningstar
rCold  . . .     Gourm    .     u - +0 chain mail
rNeg   + . .     Faith    .     c - +0 shield
rPois  ∞         Spirit   .     r - +0 helmet
rElec  +         Dismiss  .     (no cloak)
rCorr  .         Reflect  .     (no gloves)
SustAt .         Harm     .     (no boots)
MR     +....                    (no amulet)
Stlth  ..........               q - ring of protection from magic
                                i - ring of loudness (curse)

@: somewhat resistant to hostile enchantments, extremely unstealthy
A: negative energy resistance 1, electricity resistance, unbreathing,
petrification resistance, rot immunity, AC +4
a: no special abilities


You were on level 3 of the Dungeon.
You were not hungry.

You visited 1 branch of the dungeon, and saw 3 of its levels.

You collected 98 gold pieces.

Inventory:

Hand Weapons
 t - a +0 morningstar (weapon)
Armour
 b - a +0 scale mail
 c - a +0 shield (worn)
 r - a +0 helmet (worn)
 u - a +0 chain mail (worn)
Jewellery
 i - a cursed ring of loudness (left hand)
 q - a ring of protection from magic (right hand)
Scrolls
 e - 4 scrolls of identify {unknown}
 g - a scroll of remove curse {unknown}
 l - a scroll of blinking {unknown}
 o - 2 scrolls of recharging {unknown}
Potions
 d - 3 potions of might
 h - a potion of haste {unknown}
 j - 2 potions of invisibility {unknown}
 k - a potion of degeneration {unknown}
 m - a potion of cure mutation {unknown}
 n - a potion of curing {unknown}
 p - a potion of brilliance {unknown}
Books
 s - a book of Geomancy

   Spells                             Type                      Level
   a - Sandblast                      Earth                        1
   b - Passwall                       Transmutation/Earth          2
   c - Stone Arrow                    Conjuration/Earth            3
   d - Petrify                        Transmutation/Earth          4
   e - Lee's Rapid Deconstruction     Earth                        5
Comestibles
 a - 2 chunks of flesh
 f - a bread ration


   Skills:
 + Level 4.3 Fighting
 * Level 3.6 Maces & Flails
 + Level 4.2 Armour
 - Level 3.2 Shields


You had 4 spell levels left.
You didn't know any spells.

Dungeon Overview and Level Annotations

Branches:
Dungeon (3/15)

Altars:
Dithmenos
Kikubaaqudgha


Innate Abilities, Weirdness & Mutations

You are resistant to torment.
Your stone body is resilient (AC +4).
You are immune to poison.
You resist negative energy.
You are resistant to electric shocks.
You can survive without breathing.
You are immune to petrification.
You are immune to rotting.


Message History

* * * LOW HITPOINT WARNING * * *
The jackal barely misses you.
The orc priest looks braver for a moment.
You hit the orc priest.
The orc priest is moderately wounded.
The jackal bites you but does no damage.
You block the jackal's attack.
The orc priest hits you but does no damage.
Your chain mail prevents you from hitting the orc priest.
The orc priest is moderately wounded.
The jackal barely misses you.
The orc priest hits you but does no damage.
The jackal bites you but does no damage.
You hit the orc priest.
The orc priest is heavily wounded.
The jackal bites you but does no damage.
You block the orc priest's attack.
The orc priest invokes the aid of Beogh against you.
Beogh smites you!
You die...

.#####.#### .....)....#
.#####.##.# .# #.##.# .# #.##.#
.# #.##(# ..
######.##.##########....
.................o.'............
........#.######@# #............
..........# #h# #............
#######..#######h# #............
.)............oh# #............
#######....####s# #............
#......)##o###............
....P.....P.#h..ro..........#
##...P.#...P÷..##hr.........#
#...P###......##..h........#


You could see 2 orc priests, an orc, 4 jackals and a giant cockroach.

Vanquished Creatures
  An orc priest (D:3)
  2 adders (D:2)
  3 gnolls (D:3)
  2 worms
  2 giant geckos
  5 orcs (D:3)
  6 giant cockroaches
  A goblin (D:1)
  3 hobgoblins
  2 jackals (D:3)
  4 kobolds
  A quokka (D:3)
  A ball python (D:2)
  5 bats
  3 giant newts
  4 rats
45 creatures vanquished.

Notes
Turn   | Place    | Note
--------------------------------------------------------------
     0 | D:1      | Zhenya25pyc the Gargoyle Fighter began the quest for the Orb.
     0 | D:1      | Reached XP level 1. HP: 14/14 MP: 1/1
    77 | D:1      | Reached XP level 2. HP: 16/19 MP: 2/2
   395 | D:2      | Reached XP level 3. HP: 22/24 MP: 3/3
   530 | D:2      | Found a shadowy altar of Dithmenos.
   927 | D:3      | Reached XP level 4. HP: 17/29 MP: 4/4
  1120 | D:3      | Found an ancient bone altar of Kikubaaqudgha.
  1273 | D:3      | Reached XP level 5. HP: 26/33 MP: 5/5
  1358 | D:3      | Killed from afar by an orc priest

Vault maps used:
D:1:      grunt_arrival_crossed_arrows, serial_bayou_ford_a
D:2:      grunt_dithmenos_smoke_and_mirrors
D:3:      kiku_gazebo_garden_becter, minmay_misc_feat_cross, minivault_27,
          minmay_misc_feat_encased, serial_bayou_pond_a, minmay_bisected

Skill      XL: |  1  2  3 |
---------------+----------+-----
Maces & Flails | 3 |  3.6
Fighting       | 4 |  4.3
Armour         | 4 |  4.2
Shields        | |  3.2

Action                   |  1- 3 |  4- 6 || total
-------------------------+-------+-------++-------
Melee: Flail             |   146 |    12 ||   158
       Morningstar       |       |    79 ||    79
  Eat: Chunk             |       |     2 ||     2
Armor: Scale mail        |    90 |     6 ||    96
       Chain mail        |       |    74 ||    74
Dodge: Dodged            |    55 |    29 ||    84
Block: Shield            |    71 |    64 ||   135
